 Dungeon Crawl Stone Soup version 0.30-a0-723-gc1506a1cf0 (webtiles) character file.

Game seed: 11875954330986939433

16664 browni3141 the Grappler (level 12, -4/196 (207) HPs)
             Began as a Troll Berserker on Jan 28, 2023.
             Was an Elder of Trog.
             Shot with a bolt by an orc warrior (12 damage)
             ... on level 2 of the Orcish Mines.
             The game lasted 00:19:55 (10287 turns).

browni3141 the Grappler (Troll Berserker)          Turns: 10287, Time: 00:19:56

HP:   -4/196 (207)  AC:  7    Str: 31 (32) XL:     12   Next: 12%
MP:   11/11         EV: 12    Int:  2 (3)  God:    Trog [****..]
Gold: 566           SH:  0    Dex: 11 (14) Spells: 11/11 levels left

rFire   + . .      SeeInvis .      - Unarmed
rCold   + . .      Faith    .    (no shield)
rNeg    . . .      Spirit   .    t - +0 robe "Qaepsy Atsuj" {rElec rF+ Regen+ Dex+5}
rPois   +          Reflect  .    (helmet restricted)
rElec   +          Harm     .    n - +0 cloak
rCorr   .          Rampage  .    (gloves unavailable)
Will    +++..                    (boots unavailable) Stlth
                                 i - amulet of regeneration
HPRegen 3.92/turn                r - ring of protection from cold
MPRegen 0.12/turn                C - ring of poison resistance

@: berserking, strong-willed, regenerating, drained, very quick
A: large, unfitting armour, claws 3, regeneration 1, shaggy fur 1, tough skin 1,
iridescent scales 1, strong-willed 1, robust 1
a: Renounce Religion, Berserk, Trog's Hand, Brothers in Arms


You were on level 2 of the Orcish Mines.
You worshipped Trog.
Trog was greatly pleased with you.
You visited 2 branches of the dungeon, and saw 13 of its levels.

You collected 910 gold pieces.
You spent 344 gold pieces at shops.

Inventory:

Missiles
 d - 4 atropa-tipped darts
 f - 12 large rocks
 g - 13 poisoned darts
 p - 12 javelins
 q - 6 datura-tipped darts (quivered)
 u - 5 throwing nets
 x - 16 boomerangs of dispersal
 F - 9 boomerangs
 G - a curare-tipped dart
Armour
 a - a +0 animal skin
 n - a +0 cloak (worn)
 t - the +0 robe "Qaepsy Atsuj" (worn) {rElec rF+ Regen+ Dex+5}
   (You found it on level 4 of the Dungeon)

   Dex:       It affects your dexterity (+5).
   rF:        It protects you from fire.
   rElec:     It insulates you from electricity.
   Regen:     It increases your rate of health regeneration.
Jewellery
 i - an amulet of regeneration (around neck)
 r - a ring of protection from cold (left claw)
 C - a ring of poison resistance (right claw)
 D - a +6 ring of intelligence
Wands
 c - a wand of light (17)
 o - a wand of flame (39)
 w - a wand of charming (27)
 y - a wand of mindburst (14)
Potions
 b - a potion of degeneration
 e - a potion of magic {unknown}
 j - 2 potions of berserk rage
 k - a potion of ambrosia
 l - 2 potions of brilliance
 m - a potion of resistance
 s - 2 potions of might
 z - 2 potions of heal wounds
 B - a potion of flight {unknown}
 E - a potion of lignification {unknown}


   Skills:
 * Level 9.8 Fighting
 + Level 7.1 Throwing
 + Level 7.1 Dodging
 - Level 1.0 Stealth
 * Level 12.5 Unarmed Combat


You had 11 spell levels left.
You didn't know any spells.
Your spell library was empty.

Dungeon Overview and Level Annotations

Branches:
Dungeon (11/15)            Temple (0/1) D:4            Lair (0/5) D:9
    Orc (2/2) D:11
    Elf: Orc:2

Altars:
Trog
Vehumet
Yredelemnul

Shops:
D:4 *   D:7 :   D:9 *   D:10 =   Orc:2 [


Innate Abilities, Weirdness & Mutations

You are too large for most types of armour.
You have claws for hands.
Your natural rate of healing is unusually fast.
You are covered in fur. (AC +1)
You have tough skin. (AC +1)
You are partially covered in iridescent scales. (AC +2)
You are strong-willed. (Will+)
You are robust. (+10% HP)


Message History

An orc sorcerer comes into view. It is wielding a +0 dagger.
The orc closely misses you.
You barely miss the orc warrior.
The orc warrior shoots a bolt.
The bolt completely misses you.
The bolt completely misses the orc warrior.
Your skin crawls.
You feel strong-willed. The orc hits you with a +0 club.
The orc warrior barely misses you.
The orc warrior shoots a bolt.
The bolt hits you.
You hear a shout!
You fail to use your ability.
The orc barely misses you. The orc warrior barely misses you.
The orc sorcerer points at you and mumbles some strange words.
The bolt of negative energy hits the orc!
The orc is drained!
The orc dies!
The bolt of negative energy hits you!!
You feel drained.
The orc warrior shoots a bolt.
The bolt hits you!
Your ogre goes berserk!
The orc warrior misses you.
The orc warrior shoots a bolt.
The bolt hits you!!
* * * LOW HITPOINT WARNING * * *
A red film seems to cover your vision as you go berserk!
You feel yourself moving faster!
You feel mighty!
An orc comes into view. It is wielding a +0 club.
The orc warrior hits you with a +0 dire flail!
* * * LOW HITPOINT WARNING * * *
The orc sorcerer hits you with a +0 dagger.
* * * LOW HITPOINT WARNING * * *
The orc warrior shoots a bolt.
The bolt hits you!
* * * LOW HITPOINT WARNING * * *
You miss the orc sorcerer. The orc hits your ogre with a +0 club.
The orc warrior hits you with a +0 dire flail.
* * * LOW HITPOINT WARNING * * *
A troll comes into view.
The orc sorcerer barely misses you.
Your ogre hits the orc with a +0 giant spiked club!!!
The orc dies!
Trog accepts your kill.
The orc warrior shoots a bolt.
The bolt hits you!
You die...

## ###.
#.####.#...
...#....#.#
..........
##........#
#.........
###o)..# .
###$).).#.$..
#...)@o....#
#....Oo#....#
##...)###...#
#....# ...#
##..T .....
##.. .....
##. ..#..


You could see a troll, an orc sorcerer, 2 orc warriors and a friendly ogre
(summoned, berserk).

Vanquished Creatures
  The ghost of Valagong the Severer, a journeyman MiFi of Jiyva (Orc:1)
  A two-headed ogre (D:11)
  A boulder beetle (D:10)
  Urug (Orc:1)
  An orc knight (Orc:1)
  Pikel (D:5)
  A manticore (D:8)
  A cyclops (D:11)
  A gargoyle (D:10)
  Psyche (D:10)
  3 trolls
  2 polar bears (D:11)
  Prince Ribbit (D:5)
  2 hornets (D:9)
  Sigmund (D:5)
  A shadow (D:11)
  A wyvern (D:9)
  2 basilisks (D:9)
  19 yaks
  4 vampire mosquitoes (D:11)
  An acid dragon (D:9)
  4 water moccasins (D:9)
  9 orc warriors
  A black bear (D:6)
  An ice beast (D:6)
  An ogre (D:7)
  3 centaurs (D:9)
  5 phantoms
  2 lemures (D:5)
  3 kobold brigands
  2 bullfrogs (D:8)
  A necrophage (D:4)
  3 gnoll sergeants
  4 scorpions
  13 wights
  4 howler monkeys
  5 hounds
  A jelly (D:4)
  15 orc priests
  Crazy Yiuf (D:3)
  A gnoll bouda (D:9)
  3 iguanas (D:5)
  Natasha (thrice) (D:3)
  13 orc wizards
  Robin (D:2)
  16 gnolls
  6 adders
  2 white imps
  An ufetubus (D:6)
  4 worms
  3 dart slugs
  62 orcs
  8 ball pythons
  8 endoplasms
  2 giant cockroaches (D:2)
  7 hobgoblins
  10 kobolds
  3 quokkas
  2 bats (D:2)
  5 frilled lizards
  16 goblins
  4 rats
305 creatures vanquished.

Vanquished Creatures (collateral kills)
  A two-headed ogre (D:11)
  A manticore (D:11)
  A yak (D:11)
  An orc (Orc:2)
4 creatures vanquished.

Vanquished Creatures (others)
  An orc wizard (Orc:1)
  5 orcs
  A bush (D:9)
  4 fungi
  16 plants (D:9)
27 creatures vanquished.

Grand Total: 336 creatures vanquished

Notes
Turn   | Place    | Note
-------+----------+-------------------------------------------
     0 | D:1      | browni3141 the Troll Berserker began the quest for the Orb.
     0 | D:1      | Reached XP level 1. HP: 22/22 MP: 0/0
     6 | D:1      | Noticed an electric eel
   238 | D:1      | Reached skill level 1 in Stealth
   238 | D:1      | Reached XP level 2. HP: 29/29 MP: 1/1
   868 | D:2      | Reached XP level 3. HP: 36/36 MP: 2/2
   884 | D:2      | Identified the +7 dagger of the Original Sin {freeze, rElec
                  | rCorr Str+4}
  1038 | D:2      | Reached ** piety under Trog
  1064 | D:2      | Noticed Robin
  1094 | D:2      | Killed Robin
  1095 | D:2      | Reached XP level 4. HP: 35/44 MP: 3/3
  1376 | D:2      | Reached skill level 4 in Unarmed Combat
  1703 | D:3      | Reached skill level 1 in Throwing
  1763 | D:3      | Reached XP level 5. HP: 53/53 MP: 4/4
  1776 | D:3      | Reached *** piety under Trog
  1826 | D:3      | Found a radiant altar of Vehumet.
  1947 | D:3      | Found a faded altar of an unknown god.
  1981 | D:3      | Reached skill level 5 in Unarmed Combat
  2148 | D:3      | Found a runed translucent door.
  2149 | D:3      | Noticed Crazy Yiuf
  2155 | D:3      | Killed Crazy Yiuf
  2156 | D:3      | Reached XP level 6. HP: 61/61 MP: 5/5
  2229 | D:3      | Noticed Natasha
  2238 | D:3      | Killed Natasha
  2319 | D:3      | Found a faded altar of an unknown god.
  2363 | D:3      | Noticed Natasha
  2373 | D:3      | Killed Natasha
  2430 | D:3      | Found a radiant altar of Vehumet.
  2437 | D:3      | Noticed Natasha
  2441 | D:3      | Killed Natasha
  2769 | D:4      | Found a staircase to the Ecumenical Temple.
  2864 | D:4      | Found Wahao's General Store.
  2877 | D:4      | Bought 6 javelins for 252 gold pieces
  3024 | D:4      | Reached skill level 6 in Unarmed Combat
  3057 | D:4      | Reached XP level 7. HP: 67/67 MP: 6/6
  3570 | D:4      | Identified the +0 robe "Qaepsy Atsuj" {rElec rF+ Regen+
                  | Dex+5}
  3952 | D:5      | Entered Level 5 of the Dungeon
  3952 | D:5      | Noticed Prince Ribbit
  4187 | D:5      | Reached skill level 7 in Unarmed Combat
  4238 | D:5      | Noticed Pikel
  4248 | D:5      | Killed Pikel
  4249 | D:5      | Reached XP level 8. HP: 79/79 MP: 7/7
  4364 | D:5      | Reached **** piety under Trog
  4369 | D:5      | Reached skill level 5 in Fighting
  4560 | D:5      | Reached skill level 8 in Unarmed Combat
  4587 | D:5      | Noticed Sigmund
  4597 | D:5      | Killed Sigmund
  4682 | D:5      | Killed Prince Ribbit
  4683 | D:5      | Reached XP level 9. HP: 69/88 MP: 8/8
  5016 | D:6      | Identified the +0 pair of gloves of Ru's Pride {Rampage
                  | Int+5}
  5069 | D:6      | Found a basalt altar of Yredelemnul.
  5419 | D:6      | Reached skill level 9 in Unarmed Combat
  5579 | D:7      | Found Turunest's Book Boutique.
  6015 | D:8      | Reached skill level 5 in Dodging
  6068 | D:8      | Noticed a troll
  6136 | D:8      | Reached XP level 10. HP: 86/100 MP: 9/9
  6207 | D:8      | Reached skill level 5 in Throwing
  6473 | D:8      | Noticed a manticore
  6480 | D:8      | Killed a manticore
  6481 | D:8      | Reached skill level 10 in Unarmed Combat
  7308 | D:9      | Found a staircase to the Lair.
  7468 | D:9      | Paralysed by a hornet for 2 turns
  7737 | D:9      | Reached skill level 11 in Unarmed Combat
  7965 | D:9      | Found Ilicruginn's Assorted Antiques.
  8000 | D:9      | Reached XP level 11. HP: 108/111 MP: 10/10
  8074 | D:9      | Bought a red potion for 23 gold pieces
  8074 | D:9      | Bought a clear potion for 23 gold pieces
  8074 | D:9      | Bought a clear potion for 23 gold pieces
  8074 | D:9      | Bought a viscous purple potion for 23 gold pieces
  8137 | D:9      | Paralysed by a hornet for 2 turns
  8252 | D:10     | Entered Level 10 of the Dungeon
  8281 | D:10     | Noticed Psyche
  8284 | D:10     | Killed Psyche
  8298 | D:10     | Noticed a boulder beetle
  8314 | D:10     | Killed a boulder beetle
  8445 | D:10     | Found Jissec's Jewellery Shoppe.
  8485 | D:10     | Reached ***** piety under Trog
  8910 | D:11     | Noticed a two-headed ogre
  9073 | D:11     | Found a staircase to the Orcish Mines.
  9120 | D:11     | Found a bloodstained altar of Trog.
  9167 | D:11     | Noticed a two-headed ogre
  9172 | D:11     | Killed a two-headed ogre
  9356 | D:11     | HP: 5/115 [manticore (8)]
  9359 | D:11     | Reached skill level 12 in Unarmed Combat
  9401 | D:10     | Gained mutation: Armour fits poorly on your strangely
                  | shaped body. [potion of mutation]
  9401 | D:10     | Gained mutation: Potions are less effective at restoring
                  | your health. [potion of mutation]
  9402 | D:10     | Lost mutation: Armour fits poorly on your strangely shaped
                  | body. [potion of mutation]
  9402 | D:10     | Lost mutation: Potions are less effective at restoring your
                  | health. [potion of mutation]
  9402 | D:10     | Gained mutation: You are robust. (+10% HP) [potion of
                  | mutation]
  9402 | D:10     | Gained mutation: You are partially covered in iridescent
                  | scales. (AC +2) [potion of mutation]
  9402 | D:10     | Gained mutation: You are strong-willed. (Will+) [potion of
                  | mutation]
  9615 | D:11     | Killed a two-headed ogre
  9663 | D:11     | Identified the +1 halberd of the Hurting Owl {heavy, Str+2}
  9817 | Orc:1    | Entered Level 1 of the Orcish Mines
  9817 | Orc:1    | Noticed an orc knight
  9824 | Orc:1    | Killed an orc knight
  9866 | Orc:1    | Found a runed translucent gate.
  9866 | Orc:1    | Found a runed translucent gate.
  9866 | Orc:1    | Found a runed translucent gate.
  9868 | Orc:1    | Noticed Valagong's ghost (journeyman MiFi)
  9920 | Orc:1    | Noticed Urug
  9926 | Orc:2    | Entered Level 2 of the Orcish Mines
  9926 | Orc:2    | Noticed an orc high priest
  9926 | Orc:2    | Noticed an orc knight
  9926 | Orc:2    | Found Quyschoq's Antique Armour Shop.
  9950 | Orc:1    | Killed Urug
  9951 | Orc:1    | Reached XP level 12. HP: 39/129 MP: 11/11
 10120 | Orc:1    | Killed Valagong's ghost
 10287 | Orc:2    | HP: 8/196 [orc warrior/+0 dire flail (6)]
 10287 | Orc:2    | Shot with a bolt by an orc warrior

Illustrated notes

Levels and vault maps discovered:
D:1:      arrival_aquarium_a, layout_basic, serial_corexii_hall,
          corexii_hall_statues_x, corexii_hall_statues_t, columned_hall_lemuel
D:2:      wad_pebble_path, layout_basic, uniq_robin
D:3:      layout_basic, nicolae_vehumet_radiance,
          hellmonk_ecumenical_altar_leap_of_faith, uniq_natasha,
          uniq_crazy_yiuf_cottage
D:4:      layout_layer_cave, minmay_temple_entry_trees, serial_shops, shop
D:5:      layout_cave_pods, uniq_prince_ribbit1, uniq_sigmund, uniq_pikel
D:6:      layout_basic, kennysheep_little_box, chequers_serial_rivers_small_b,
          minmay_unpleasant_kobolds
D:7:      layout_basic, serial_shops, nicolae_shop_waterfront,
          hangedman_abyss_or_decor_passed
D:8:      layout_basic, minivault_27
D:9:      nicolae_cairo_tiling_large, layout_irregular_city,
          minmay_lair_entry_grove, serial_shops, nicolae_square_shop,
          kennysheep_generic_room_6
D:10:     layout_cave_pools, serial_shops, nicolae_lakefront_shop, uniq_psyche
D:11:     layout_rooms, david_orc_5, trog_ov_bears_minmay
Orc:1:    layout_caves, ebering_ghost_rock_garden, hangedman_minor_magic,
          uniq_urug
Orc:2:    grunt_orc_gardens, layout_caves, grunt_orc_garden, grunt_orc_garden,
          grunt_orc_garden, grunt_orc_garden, gauntlet_entry_generic

Skill      XL: |  1  2  3  4  5  6  7  8  9 10 11 |
---------------+----------------------------------+-----
Stealth        | 1 |  1.0
Unarmed Combat | 4 5 6 7 8 9 11 12 | 12.5
Throwing       | 1 3 4 5 7 |  7.1
Fighting       | 3 4 5 6 8 9 |  9.8
Dodging        | 3 4 5 6 7 |  7.1

Action                     |  1- 3 |  4- 6 |  7- 9 | 10-12 || total
---------------------------+-------+-------+-------+-------++-------
  Melee: Unarmed           |    75 |   127 |   218 |   336 ||   756
         Punch             |     2 |     4 |    14 |    24 ||    44
  Throw: Boomerang         |     9 |     4 |    23 |       ||    36
         Javelin           |       |       |     4 |     4 ||     8
         Large rock        |       |       |     1 |    17 ||    18
         Dart              |       |       |       |     9 ||     9
 Invoke: Berserk           |       |     3 |     5 |    11 ||    19
         Trog's Hand       |       |       |     1 |     4 ||     5
         Brothers in Arms  |       |       |       |     3 ||     3
  Evoke: Wand              |       |       |     4 |    16 ||    20
    Use: Potion            |       |       |       |    17 ||    17
   Stab: Sleeping          |     2 |     2 |     1 |     1 ||     6
 Armour: Animal skin       |    32 |    43 |     1 |       ||    76
         Robe              |       |       |    45 |    76 ||   121
  Dodge: Dodged            |    41 |    46 |   107 |   213 ||   407

Table legend: (Time is in decaauts)
 A = Elapsed time spent in this place.
 B = Non-inter-level travel time spent in this place.
 C = Inter-level travel time spent in this place.
 D = Time resting spent in this place.
 E = Time spent auto-exploring this place.
 F = Levels seen in this place.
 G = Mean time per level.
                   A        B        C        D        E       F      G
               +--------+--------+--------+--------+--------+-----+--------+
         Total |  10362 |   9657 |    705 |    806 |   6968 |  13 |  797.1 |
       Dungeon |   9931 |   9271 |    660 |    696 |   6808 |  11 |  902.8 |
  Orcish Mines |    431 |    386 |     45 |    110 |    160 |   2 |  215.5 |
               +--------+--------+--------+--------+--------+-----+--------+

Top non-repeatable levels by time:
     D:8: 1235 daAuts
     D:4: 1228 daAuts
     D:3: 1172 daAuts
     D:9: 1047 daAuts
     D:5: 950 daAuts
    D:10: 830 daAuts
     D:1: 802 daAuts
     D:2: 777 daAuts
    D:11: 671 daAuts
     D:7: 638 daAuts
     D:6: 576 daAuts
   Orc:1: 404 daAuts
   Orc:2: 26 daAuts
